 Dungeon Crawl Stone Soup version 0.27.1-3-gb3d3a73c9e (webtiles) character file.

Game seed: 17453621755323612991

118 H0rd4k the Charlatan (level 5, -3/38 HPs)
             Began as a Human Artificer on Oct 12, 2021.
             Succumbed to a hobgoblin's poison
             ... on level 3 of the Dungeon.
             The game lasted 00:03:08 (2869 turns).

H0rd4k the Charlatan (Human Artificer)              Turns: 2869, Time: 00:03:08

Health: -3/38      AC:  3    Str: 12 (14) XL:     5   Next: 23%
Magic:  5/5        EV: 11    Int: 10 (11) God:
Gold:   80         SH:  0    Dex: 11 (13) Spells: 4/4 levels left

rFire    . . .     SeeInvis .   g - +0 dagger
rCold    . . .     Faith    .   (no shield)
rNeg     . . .     Spirit   .   b - +0 leather armour
rPois    .         Reflect  .   (no helmet)
rElec    .         Harm     .   (no cloak)
rCorr    .         Rampage  .   (no gloves)
Will     .....                  (no boots)
Stlth    +.........             (no amulet)
HPRegen  0.12/turn              (no ring)
MPRegen  0.09/turn              (no ring)

@: lethally poisoned (-3 -> -25), flying
A: no striking features
a: no special abilities


You were on level 3 of the Dungeon.
You visited 1 branch of the dungeon, and saw 3 of its levels.

You collected 80 gold pieces.

Inventory:

Hand Weapons
 g - a +0 dagger (weapon)
Missiles
 n - 16 poisoned darts (quivered)
Armour
 b - a +0 leather armour (worn)
Wands
 d - a wand of charming (11)
Scrolls
 f - a scroll of fear {unknown}
 h - 4 scrolls of teleportation {unknown}
 i - a scroll of silence {unknown}
 j - a scroll of identify {unknown}
Potions
 l - a potion of flight
Miscellaneous
 e - a piece from Xom's chessboard (15/15)


   Skills:
 + Level 1.7 Fighting
 + Level 2.1 Short Blades
 + Level 0.2 Throwing
 - Level 2.0 Armour
 + Level 2.1 Dodging
 - Level 1.0 Stealth
 + Level 4.1 Evocations


You had 4 spell levels left.
You didn't know any spells.
Your spell library contained the following spells:

 Spells                   Type           Power      Damage    Failure   Level
 Gell's Gravitas          Tloc           0%         N/A       82%         3
 Teleport Other           Tloc           0%         N/A       82%         3
 Tukima's Dance           Hex            0%         N/A       82%         3
 Passage of Golubria      Tloc           N/A        N/A       99%         4
 Yara's Violent Unravell  Hex/Tmut       0%         3d3       100%        5
 Dispersal                Tloc           0%         N/A       100%        6


Dungeon Overview and Level Annotations

Branches:
Dungeon (3/15)

Altars:
Sif Muna

Shops:
D:3 (


Message History

A poisoned dart appears from out of thin air!
The poisoned dart hits you!
You are poisoned.
You feel sick. Something hits you but does no damage.
You closely miss something.
You feel sick. Something barely misses you.
You miss something.
You feel sick. Something hits you.
You hit something but do no damage.
You feel sick. Something hits you.
You miss something.
You feel sick. Something hits you.
You barely miss something.
You feel sick. Something hits you but does no damage.
You miss something.
You feel sick. Something hits you.
You miss something.
You feel sick.
You are no longer poisoned.
Something hits you.
* * * LOW HITPOINT WARNING * * *
You barely miss something. Something hits you!
* * * LOW HITPOINT WARNING * * *
You feel better. Something hits you but does no damage. Something hits you.
* * * LOW HITPOINT WARNING * * *
A poisoned dart appears from out of thin air!
The poisoned dart hits you!
You are lethally poisoned!
It was a potion of degeneration.
There was something very wrong with that liquid.
You feel weakened.
You feel dopey.
You feel clumsy.
* * * LOW HITPOINT WARNING * * *
You feel very sick.
A poisoned dart appears from out of thin air!
The poisoned dart hits you!
You are more poisoned.
It was a potion of flight.
You feel very buoyant.
You fly up into the air.
* * * LOW HITPOINT WARNING * * *
You feel very sick.
A poisoned dart appears from out of thin air!
The poisoned dart hits you!
You are more poisoned.
You die...

#.#.....# #.#..... .
#.#... .### ##.#.## ...
......# ... ###...# #'#
#...# #.# #...#
#.##########
#...#########.@....!...#
##..........'..........#
############...../....#
#.....{.$..#
#........^.#
#...∩......#
#..........#
#..........#
#..........#


There were no monsters in sight!

Vanquished Creatures
  An orc wizard (D:2)
  An adder (D:2)
  2 gnolls (D:2)
  A worm (D:2)
  A dart slug (D:1)
  An orc (D:2)
  4 endoplasms
  2 giant cockroaches (D:1)
  4 goblins
  A hobgoblin (D:2)
  2 quokkas
  3 ball pythons
  3 bats
  2 frilled lizards (D:1)
  5 kobolds (D:1)
33 creatures vanquished.

Vanquished Creatures (collateral kills)
  An orc priest (D:2)
  2 orcs (D:2)
  An endoplasm (D:2)
4 creatures vanquished.

Vanquished Creatures (others)
  2 gnolls (D:2)
2 creatures vanquished.

Grand Total: 39 creatures vanquished

Notes
Turn   | Place    | Note
-------+----------+-------------------------------------------
     0 | D:1      | H0rd4k the Human Artificer began the quest for the Orb.
     0 | D:1      | Reached XP level 1. HP: 15/15 MP: 1/1
   230 | D:1      | Reached XP level 2. HP: 20/21 MP: 2/2
   733 | D:1      | Reached XP level 3. HP: 24/26 MP: 3/3
   858 | D:1      | Found a faded altar of an unknown god.
  1381 | D:2      | Reached skill level 1 in Short Blades
  1652 | D:2      | Found a shimmering blue altar of Sif Muna.
  1733 | D:2      | Reached XP level 4. HP: 32/32 MP: 4/4
  1754 | D:2      | Reached skill level 4 in Evocations
  2458 | D:2      | Reached XP level 5. HP: 14/38 MP: 5/5
  2849 | D:3      | Found Geazxyiw's Weapon Emporium.
  2869 | D:3      | Succumbed to a hobgoblin's poison

Illustrated notes

Levels and vault maps discovered:
D:1:      lightli_arrival_farm, layout_basic,
          shapermc_ecumenical_altar_mp_vishouse, minmay_tetromino_l2
D:2:      layout_loops_ring, basic_altar
D:3:      layout_basic, serial_shops, shop, serial_curves, eino_curves_02,
          eino_curves_04

Skill      XL: |  1  2  3  4 |
---------------+-------------+-----
Short Blades   | 1 2 |  2.1
Evocations     | 4 |  4.1
Dodging        | 2 |  2.1
Fighting       | |  1.7
Throwing       | |  0.2
Armour         | |  2.0
Stealth        | |  1.0

Action                   |  1- 3 |  4- 6 || total
-------------------------+-------+-------++-------
Melee: Dagger            |    97 |    60 ||   157
       Club              |    11 |       ||    11
Throw: Dart              |       |    17 ||    17
       Throwing net      |       |     1 ||     1
Evoke: Wand              |     5 |    14 ||    19
  Use: Potion            |       |     5 ||     5
 Stab: Sleeping          |     1 |       ||     1
Armor: Leather armour    |    26 |    20 ||    46
Dodge: Dodged            |    59 |    30 ||    89
